 Dungeon Sprint DCSS version 0.21-a0-110-g8e1637b (webtiles) character file.

53 minicreteconcrete the Ducker (level 3, -1/19 HPs)
             Began as a Spriggan Warper on July 9, 2017.
             Was an Initiate of Sif Muna.
             Slain by a bullfrog (2 damage)
             ... in the Dungeon (Sprint IX: "|||||||||||||||||||||||||||||").
             The game lasted 00:02:09 (347 turns).

minicreteconcrete the Ducker (Spriggan Warper)       Turns: 347, Time: 00:02:10

Health: -1/19      AC:  2    Str:  7    XL:     3   Next: 62%
Magic:  7/10       EV: 23    Int: 17    God:    Sif Muna [......]
Gold:   0          SH:  0    Dex: 19    Spells: 4/11 levels left

rFire    . . .     SeeInvis +   p - +2 rapier (vamp)
rCold    . . .     Gourm    .   (shield restricted)
rNeg     . . .     Faith    .   o - +0 robe
rPois    .         Spirit   .   (helmet restricted)
rElec    .         Reflect  .   (no cloak)
rCorr    .         Harm     .   (gloves unavailable)
MR       .....     NoTele   +   (boots unavailable)
Stlth    ++........             (no amulet)
HPRegen  0.06/turn              q - +3 ring of dexterity
MPRegen  0.12/turn              r - +3 ring of intelligence

@: very quick
A: unfitting armour, see invisible, herbivore 3, speed 3, slow metabolism 2
a: Renounce Religion


You were in the Dungeon.
You worshipped Sif Muna.
Sif Muna was noncommittal.
You were not hungry.

You visited 1 branch

Inventory:

Hand Weapons
 a - a +0 short sword
 p - a +2 vampiric rapier (weapon)
Missiles
 e - 5 tomahawks of dispersal (quivered)
Armour
 o - a +0 robe (worn)
Magical Staves
 b - an uncursed staff of energy
Jewellery
 q - a +3 ring of dexterity (left hand)
 r - a +3 ring of intelligence (right hand)
Wands
 n - a wand of acid (7/15)
Scrolls
 d - 3 scrolls of blinking
 l - 3 scrolls of remove curse
 m - 2 scrolls of amnesia
Potions
 g - 5 potions of curing
 h - 3 potions of heal wounds
 i - a potion of haste
 j - 4 potions of magic
 k - a potion of invisibility
Books
 c - a book of Spatial Translocations

   Spells                             Type                      Level
   a - Blink                          Translocation                2
   b - Shroud of Golubria             Charms/Translocation         2
   c - Lesser Beckoning               Translocation                3
   d - Gell's Gravitas                Translocation                3
   e - Teleport Other                 Translocation                3
   f - Passage of Golubria            Translocation                4


   Skills:
 + Level 2.8 Fighting
 + Level 4.3 Short Blades
 + Level 1.8 Throwing
 + Level 6.7 Dodging
 + Level 0.4 Stealth
 * Level 4.8 Spellcasting
 + Level 4.4 Translocations


You had 4 spell levels left.
You knew the following spells:

 Your Spells              Type           Power        Failure   Level  Hunger
a - Teleport Other        Tloc           ###.....     7%          3    ###....
b - Blink                 Tloc           N/A          3%          2    #......
c - Shroud of Golubria    Chrm/Tloc      ##........   9%          2    #......


Dungeon Overview and Level Annotations

Branches:
Dungeon (1/1)

Altars:
Cheibriados
Dithmenos
Elyvilon
Fedhas
Gozag
Hepliaklqana
Kikubaaqudgha
Makhleb
Nemelex Xobeh
Okawaru
Qazlal
Ru
Sif Muna
Trog
Uskayaw
Vehumet
Wu Jian
Xom
Yredelemnul
Zin
The Shining One
Beogh
Jiyva
Lugonu


Innate Abilities, Weirdness & Mutations

You are very small and have problems with some larger weapons.
You are too small for most types of armour.
You have supernaturally acute eyesight. (SInv)
You are a herbivore.
You cover ground extremely quickly.
You need consume almost no food.


Message History

The bullfrog closely misses you.
The howler monkey hoots and howls with incredible vigour!
The bullfrog misses you.
You puncture the bullfrog!
You feel better.
The bullfrog is heavily wounded.
The bullfrog hits you.
You hit the bullfrog.
The bullfrog is heavily wounded.
The bullfrog misses you. The bullfrog completely misses you.
You closely miss the bullfrog.
The bullfrog is heavily wounded.
The bullfrog hits you.
* * * LOW HITPOINT WARNING * * *
You barely miss the bullfrog.
The bullfrog is heavily wounded.
The bullfrog misses you. x2
You closely miss the bullfrog.
The bullfrog is heavily wounded.
The bullfrog hits you.
You die...

▓.▓
▓.▓
▓.▓
▓.▓
▓Z▓
▓h▓
▓W▓
▓F▓
▓@▓
▓[▓
▓[▓
▓)▓
▓.▓
▓.▓
▓.▓
▓'▓
▓_▓


You could see a hungry ghost, a bullfrog, a howler monkey and a bat skeleton.

Vanquished Creatures
  A crimson imp (D)
  An ooze (D)
  An adder skeleton (D)
  An orc (D)
  A bat (D)
  A goblin (D)
  A hobgoblin (D)
  A jackal (D)
  A kobold (D)
  A quokka (D)
  A ball python (D)
11 creatures vanquished.

Notes
Turn   | Place    | Note
-------+----------+-------------------------------------------
     0 | D        | minicreteconcrete the Spriggan Warper began the quest for the Orb.
     0 | D        | Reached XP level 1. HP: 10/10 MP: 5/5
    17 | D        | Reached skill level 4 in Dodging
   216 | D        | Noticed a crimson imp
   219 | D        | Killed a crimson imp
   219 | D        | Reached skill level 6 in Dodging
   219 | D        | Reached XP level 2. HP: 16/16 MP: 5/8
   219 | D        | Reached XP level 3. HP: 19/19 MP: 6/10
   237 | D        | Found a roughly hewn altar of Beogh.
   237 | D        | Found a snail-covered altar of Cheibriados.
   237 | D        | Found a shadowy altar of Dithmenos.
   237 | D        | Found a white marble altar of Elyvilon.
   237 | D        | Found a blossoming altar of Fedhas.
   237 | D        | Found an opulent altar of Gozag.
   238 | D        | Found a hazy altar of Hepliaklqana.
   239 | D        | Found a viscous altar of Jiyva.
   240 | D        | Found an ancient bone altar of Kikubaaqudgha.
   241 | D        | Found a corrupted altar of Lugonu.
   242 | D        | Found a burning altar of Makhleb.
   243 | D        | Found a sparkling altar of Nemelex Xobeh.
   244 | D        | Found an iron altar of Okawaru.
   245 | D        | Found a stormy altar of Qazlal.
   246 | D        | Found a sacrificial altar of Ru.
   247 | D        | Found a deep blue altar of Sif Muna.
   248 | D        | Found a bloodstained altar of Trog.
   249 | D        | Found a hide-covered altar of Uskayaw.
   250 | D        | Found a radiant altar of Vehumet.
   251 | D        | Found an ornate altar of the Wu Jian Council.
   252 | D        | Found a shimmering altar of Xom.
   253 | D        | Found a basalt altar of Yredelemnul.
   254 | D        | Found a glowing silver altar of Zin.
   255 | D        | Became a worshipper of Sif Muna the Loreminder
   256 | D        | Found a glowing golden altar of the Shining One.
   289 | D        | Learned a level 3 spell: Teleport Other
   292 | D        | Learned a level 2 spell: Blink
   295 | D        | Learned a level 2 spell: Shroud of Golubria
   297 | D        | Noticed a hungry ghost
   297 | D        | Noticed a bullfrog
   297 | D        | Noticed an ice beast
   347 | D        | Slain by a bullfrog

Vault maps used:
D:        linesprint

Skill      XL: |  1 |
---------------+----+-----
Fighting       | 2 |  2.8
Dodging        | 6 |  6.7
Spellcasting   | 4 |  4.8
Short Blades   | 4 |  4.3
Throwing       | |  1.8
Stealth        | |  0.4
Translocations | |  4.4

Action                   || total
-------------------------++-------
Melee: Short sword       ||    76
       Rapier            ||     7
 Cast: Teleport Other    ||     2
       Shroud of Golubri ||     1
  Use: Potion            ||     1
  Eat: Bread ration      ||     1
Armor: Robe              ||     2
Dodge: Dodged            ||    63
